 Dungeon Crawl Stone Soup version 0.23.2-1-ga50397a6bc (webtiles) character file.

Game seed: 18290744716201174026

2070 Engwar the Magician (level 9, -10/68 (69) HPs)
             Began as a Gnoll Warper on May 29, 2019.
             Was a Follower of Fedhas.
             Mangled by an orc warrior
             ... wielding a +0 glaive
              (24 damage)
             ... on level 8 of the Dungeon.
             The game lasted 00:21:01 (7628 turns).

Engwar the Magician (Gnoll Warper)                  Turns: 7628, Time: 00:21:03

HP:   -10/68 (69)   AC:  7    Str: 15    XL:     9   Next: 26%
MP:   18/18         EV: 18    Int: 17    God:    Fedhas [*.....]
Gold: 429           SH:  7    Dex: 15    Spells: 11/21 levels left

rFire    . . .     SeeInvis .   a - +0 mace
rCold    . . .     Gourm    .   m - +2 buckler
rNeg     . . .     Faith    .   c - +0 ring mail
rPois    .         Spirit   .   D - +0 helmet
rElec    .         Reflect  .   (no cloak)
rCorr    +         Harm     .   (no gloves)
MR       .....                  (no boots)
Stlth    ++........             K - amulet of rage (curse)
HPRegen  0.21/turn              g - ring of resist corrosion
MPRegen  0.16/turn              s - +4 ring of evasion

@: no status effects
A: distributed training, fangs 1, strong nose
a: Fungal Bloom, Sunlight, Renounce Religion, Evoke Berserk Rage


You were on level 8 of the Dungeon.
You worshipped Fedhas.
Fedhas was aware of your devotion.
You were not hungry.

You visited 1 branch of the dungeon, and saw 8 of its levels.

You collected 429 gold pieces.

Inventory:

Hand Weapons
 a - a +0 mace (weapon)
 l - a +0 whip
Missiles
 w - 5 needles of sleeping
 y - a tomahawk (quivered)
Armour
 c - a +0 ring mail (worn)
 m - a +2 buckler (worn)
 D - a +0 helmet (worn)
Jewellery
 g - a ring of resist corrosion (left hand)
 s - a +4 ring of evasion (right hand)
 F - an uncursed ring of ice
 K - a cursed amulet of rage (around neck)
Wands
 o - a wand of polymorph (4)
 r - a wand of paralysis (10)
 H - a wand of scattershot (5)
Scrolls
 d - a scroll of blinking
 f - 4 scrolls of teleportation {unknown}
 h - 2 scrolls of immolation {unknown}
 i - 8 scrolls of remove curse {unknown}
 j - a scroll of amnesia {unknown}
 k - 2 scrolls of identify
 q - 2 scrolls of fear {unknown}
 u - a scroll of magic mapping {unknown}
 v - a scroll of random uselessness {unknown}
 E - a scroll of enchant weapon {unknown}
 I - a scroll of silence {unknown}
Potions
 b - 3 potions of curing
 n - 2 potions of might
 p - 2 potions of berserk rage
 t - a potion of ambrosia
 x - a potion of lignification
 A - 2 potions of haste
 B - 2 potions of brilliance
 C - a potion of invisibility
 G - a potion of flight
Comestibles
 z - 3 rations


   Skills:
 + Level 6.1 Fighting
 + Level 4.0 Short Blades
 + Level 4.0 Long Blades
 + Level 4.0 Axes
 + Level 6.1 Maces & Flails
 + Level 4.0 Polearms
 + Level 4.0 Staves
 + Level 4.0 Slings
 + Level 4.0 Bows
 + Level 4.0 Crossbows
 + Level 4.8 Throwing
 + Level 4.8 Armour
 + Level 6.1 Dodging
 + Level 4.0 Stealth
 + Level 4.0 Shields
 + Level 4.0 Unarmed Combat
 + Level 6.5 Spellcasting
 + Level 3.3 Conjurations
 + Level 3.3 Hexes
 + Level 3.3 Charms
 + Level 3.3 Summonings
 + Level 3.3 Necromancy
 + Level 6.4 Translocations
 + Level 3.3 Transmutations
 + Level 3.3 Fire Magic
 + Level 3.3 Ice Magic
 + Level 3.3 Air Magic
 + Level 3.3 Earth Magic
 + Level 3.3 Poison Magic
 + Level 4.4 Invocations
 + Level 4.0 Evocations


You had 11 spell levels left.
You knew the following spells:

 Your Spells              Type           Power        Failure   Level  Hunger
a - Blink                 Tloc           N/A          2%          2    None
b - Shroud of Golubria    Chrm/Tloc      ###.......   4%          2    None
c - Gell's Gravitas       Tloc           ####......   4%          3    ##.....
d - Teleport Other        Tloc           ####....     4%          3    ##.....

Your spell library contained the following spells:

 Spells                   Type           Power        Failure   Level  Hunger
 Lesser Beckoning         Tloc           ####......   4%          3    ##.....
 Beastly Appendage        Tmut           ###...       6%          1    None
 Sticks to Snakes         Tmut           ###.....     9%          2    None
 Passage of Golubria      Tloc           N/A          16%         4    ####...
 Spider Form              Tmut/Pois      ###.......   17%         3    ##.....
 Ice Form                 Ice/Tmut       ###.....     50%         4    ####...
 Blade Hands              Tmut           ###.......   85%         5    #####..


Dungeon Overview and Level Annotations

Branches:
Dungeon (8/15)             Temple (0/1) D:5
   Lair: D:8-11

Altars:
Dithmenos
Fedhas
Kikubaaqudgha
Makhleb
Qazlal
Trog
Wu Jian
Xom
Yredelemnul
Zin

Shops:
D:5 *


Innate Abilities, Weirdness & Mutations

Your experience applies equally to all skills.
You have very sharp teeth.
Your uncanny sense of smell can sniff out nearby items.


Message History

You throw a tomahawk of dispersal.
The tomahawk of dispersal hits the orc warrior.
The orc warrior blinks!
The orc warrior is heavily wounded.
Throwing (i - inventory. (/) - cycle)
e - a tomahawk of dispersal (quivered)
Press: ? - help, Shift-Dir - straight line, f/p - orc warrior
Aim: an orc warrior, wielding a +0 glaive and wearing a +0 chain mail (heavily wounded)
You throw a tomahawk of dispersal.
The tomahawk of dispersal closely misses the orc warrior.
You block the orc warrior's attack. You block the orc wizard's attack.
Throwing (i - inventory)
y - 2 tomahawks (quivered)
Press: ? - help, Shift-Dir - straight line, f/p - orc warrior
Aim: an orc warrior, wielding a +0 glaive and wearing a +0 chain mail (heavily wounded)
You throw a tomahawk.
The tomahawk hits the orc warrior but does no damage.
The orc warrior is heavily wounded.
The orc wizard barely misses you.
The orc warrior hits you from afar with a +0 glaive!!
You die...
Fedhas appreciates your contribution to the ecosystem.

$....##
......#
..o(..#
.....(#
####......#
#.........#
#o#########
#o# #@# #.#
#o# #.# #.#
#########.#
#.........#
#.#########
∆#<......#


You could see an orc warrior, an orc wizard and an orc.

Vanquished Creatures
  Menkaure (D:7)
  An orc warrior (D:6)
  A black bear (D:6)
  An ice beast (D:6)
  A necrophage (D:7)
  3 ogres
  3 centaurs
  2 bullfrogs
  2 scorpions (D:5)
  2 howler monkeys
  2 centaur zombies
  5 crimson imps
  3 hounds
  4 orc priests
  4 orc wizards
  2 worker ants (D:5)
  A hound skeleton (D:7)
  3 gnolls (D:7)
  5 adders
  A shadow imp (D:7)
  A white imp (D:6)
  An ooze (D:1)
  An adder skeleton (D:4)
  2 worms
  A dart slug (D:2)
  2 leopard geckos
  3 orcs
  6 bats
  4 giant cockroaches
  10 goblins
  3 hobgoblins
  8 jackals
  8 kobolds
  6 quokkas
  3 ball pythons
  2 frilled lizards
  A leopard gecko skeleton (D:7)
  4 rats
113 creatures vanquished.

Vanquished Creatures (others)
  52 toadstools
52 creatures vanquished.

Grand Total: 165 creatures vanquished

Notes
Turn   | Place    | Note
-------+----------+-------------------------------------------
     0 | D:1      | Engwar the Gnoll Warper began the quest for the Orb.
     0 | D:1      | Reached XP level 1. HP: 20/20 MP: 6/6
   194 | D:1      | Reached XP level 2. HP: 24/26 MP: 7/7
   204 | D:1      | Learned a level 2 spell: Blink
   207 | D:1      | Learned a level 2 spell: Shroud of Golubria
  1177 | D:2      | Reached XP level 3. HP: 31/31 MP: 9/9
  1192 | D:2      | Reached skill level 5 in Spellcasting
  1209 | D:2      | Found a basalt altar of Yredelemnul.
  1210 | D:2      | Found an ancient bone altar of Kikubaaqudgha.
  1234 | D:2      | Found a burning altar of Makhleb.
  1237 | D:2      | Found a shimmering altar of Xom.
  1237 | D:2      | Found a blossoming altar of Fedhas.
  1239 | D:2      | Found a stormy altar of Qazlal.
  1240 | D:2      | Found a shadowy altar of Dithmenos.
  1265 | D:2      | Became a worshipper of Fedhas Madash
  1290 | D:2      | Reached skill level 1 in Invocations
  1379 | D:2      | Found a bloodstained altar of Trog.
  1590 | D:3      | Reached skill level 1 in Short Blades
  1590 | D:3      | Reached skill level 1 in Long Blades
  1590 | D:3      | Reached skill level 1 in Axes
  1590 | D:3      | Reached skill level 1 in Polearms
  1590 | D:3      | Reached skill level 1 in Staves
  1590 | D:3      | Reached skill level 1 in Slings
  1590 | D:3      | Reached skill level 1 in Bows
  1590 | D:3      | Reached skill level 1 in Crossbows
  1590 | D:3      | Reached skill level 1 in Stealth
  1590 | D:3      | Reached skill level 1 in Shields
  1590 | D:3      | Reached skill level 1 in Unarmed Combat
  1590 | D:3      | Reached skill level 1 in Evocations
  1590 | D:3      | Reached XP level 4. HP: 23/38 MP: 11/11
  2560 | D:4      | Reached skill level 1 in Conjurations
  2560 | D:4      | Reached skill level 1 in Hexes
  2560 | D:4      | Reached skill level 1 in Charms
  2560 | D:4      | Reached skill level 1 in Summonings
  2560 | D:4      | Reached skill level 1 in Necromancy
  2560 | D:4      | Reached skill level 1 in Transmutations
  2560 | D:4      | Reached skill level 1 in Fire Magic
  2560 | D:4      | Reached skill level 1 in Ice Magic
  2560 | D:4      | Reached skill level 1 in Air Magic
  2560 | D:4      | Reached skill level 1 in Earth Magic
  2560 | D:4      | Reached skill level 1 in Poison Magic
  2560 | D:4      | Reached XP level 5. HP: 41/43 MP: 12/12
  2587 | D:4      | Noticed an ogre
  3299 | D:3      | Reached XP level 6. HP: 12/50 MP: 13/13
  3706 | D:4      | Reached skill level 5 in Fighting
  3706 | D:4      | Reached skill level 5 in Maces & Flails
  3706 | D:4      | Reached skill level 5 in Dodging
  3707 | D:4      | Reached * piety under Fedhas
  4092 | D:5      | Entered Level 5 of the Dungeon
  4092 | D:5      | Found a staircase to the Ecumenical Temple.
  4140 | D:5      | Reached XP level 7. HP: 26/56 MP: 13/15
  4403 | D:5      | Found Zin's Purification Station.
  4405 | D:5      | Found a glowing silver altar of Zin.
  4467 | D:5      | Learned a level 3 spell: Gell's Gravitas
  4471 | D:5      | Learned a level 3 spell: Teleport Other
  5407 | D:6      | Reached XP level 8. HP: 60/63 MP: 16/16
  6983 | D:7      | Found an ornate altar of the Wu Jian Council.
  7223 | D:7      | Noticed Menkaure
  7234 | D:7      | Killed Menkaure
  7234 | D:7      | Reached XP level 9. HP: 40/69 MP: 15/18
  7628 | D:8      | Mangled by an orc warrior

Skill      XL: |  1  2  3  4  5  6  7  8  9 |
---------------+----------------------------+-----
Spellcasting   | 5 6 |  6.5
Invocations    | 1 2 3 4 |  4.4
Short Blades   | 1 2 3 4 |  4.0
Long Blades    | 1 2 3 4 |  4.0
Axes           | 1 2 3 4 |  4.0
Polearms       | 1 2 3 4 |  4.0
Staves         | 1 2 3 4 |  4.0
Slings         | 1 2 3 4 |  4.0
Bows           | 1 2 3 4 |  4.0
Crossbows      | 1 2 3 4 |  4.0
Stealth        | 1 2 3 4 |  4.0
Shields        | 1 2 3 4 |  4.0
Unarmed Combat | 1 2 3 4 |  4.0
Evocations     | 1 2 3 4 |  4.0
Conjurations   | 1 2 3 |  3.3
Hexes          | 1 2 3 |  3.3
Charms         | 1 2 3 |  3.3
Summonings     | 1 2 3 |  3.3
Necromancy     | 1 2 3 |  3.3
Transmutations | 1 2 3 |  3.3
Fire Magic     | 1 2 3 |  3.3
Ice Magic      | 1 2 3 |  3.3
Air Magic      | 1 2 3 |  3.3
Earth Magic    | 1 2 3 |  3.3
Poison Magic   | 1 2 3 |  3.3
Throwing       | 3 4 |  4.8
Armour         | 3 4 |  4.8
Fighting       | 5 6 |  6.1
Maces & Flails | 5 6 |  6.1
Dodging        | 5 6 |  6.1
Translocations | 6 |  6.4

Action                   |  1- 3 |  4- 6 |  7- 9 || total
-------------------------+-------+-------+-------++-------
Melee: Mace              |   106 |   190 |   483 ||   779
       Bite              |     8 |    20 |    56 ||    84
Throw: Tomahawk          |       |     1 |     7 ||     8
 Cast: Shroud of Golubri |       |     2 |    21 ||    23
Invok: Fungal Bloom      |     4 |     6 |    10 ||    20
       Sunlight          |       |     1 |     3 ||     4
  Use: Scroll            |       |     4 |     6 ||    10
       Potion            |       |       |     1 ||     1
  Eat: Chunk             |     2 |     5 |     3 ||    10
       Ration            |       |     1 |     3 ||     4
Armor: Ring mail         |    20 |    32 |    87 ||   139
Dodge: Dodged            |    50 |   111 |   351 ||   512
Block: Buckler           |    13 |    59 |   163 ||   235
